 Dungeon Crawl Stone Soup version 0.23.2-1-ga50397a (webtiles) character file.

Game seed: 10234474562702477553

254 Borgoz the Cudgeler (level 6, -1/37 HPs)
             Began as a Gargoyle Gladiator on May 15, 2019.
             Splashed by Ijyb's acid (17 damage)
             ... on level 4 of the Dungeon.
             The game lasted 00:03:42 (2693 turns).

Borgoz the Cudgeler (Gargoyle Gladiator)            Turns: 2693, Time: 00:03:43

Health: -1/37      AC:  7    Str: 17    XL:     6   Next: 14%
Magic:  6/6        EV: 12    Int:  9    God:
Gold:   164        SH:  0    Dex: 13    Spells: 5/5 levels left

rFire    . . .     SeeInvis .   r - +2 whip (drain)
rCold    . . .     Gourm    .   (no shield)
rNeg     + . .     Faith    .   g - +0 ring mail
rPois    ∞         Spirit   .   c - +0 helmet
rElec    +         Reflect  .   (no cloak)
rCorr    .         Harm     .   (no gloves)
MR       .....                  (no boots)
Stlth    ..........             (no amulet)
HPRegen  0.12/turn              h - ring of attention (curse)
MPRegen  0.10/turn              (no ring)

@: corroded
A: negative energy resistance 1, electricity resistance, unbreathing,
petrification resistance, rot immunity, AC +4
a: no special abilities


You were on level 4 of the Dungeon.
You were not hungry.

You visited 1 branch of the dungeon, and saw 4 of its levels.

You collected 164 gold pieces.

Inventory:

Hand Weapons
 r - a +2 whip of draining (weapon)
Missiles
 d - 2 throwing nets (quivered)
Armour
 c - a +0 helmet (worn)
 g - a +0 ring mail (worn)
 o - a +0 pair of gloves
Jewellery
 h - a cursed ring of attention (left hand)
Scrolls
 b - a scroll of remove curse {unknown}
 e - a scroll of teleportation {unknown}
 j - 3 scrolls of identify {unknown}
 m - a scroll of fog {unknown}
 q - a scroll of enchant armour {unknown}
Potions
 i - a potion of ambrosia {unknown}
 l - a potion of berserk rage {unknown}
 n - a potion of heal wounds {unknown}
 p - a potion of mutation {unknown}
Comestibles
 f - 8 rations
 k - 5 chunks of flesh


   Skills:
 + Level 3.3 Fighting
 * Level 4.6 Maces & Flails
 - Level 1.7 Throwing
 + Level 2.4 Armour
 + Level 3.1 Dodging
 - Level 2.2 Stealth


You had 5 spell levels left.
You didn't know any spells.
Your spell library was empty.

Dungeon Overview and Level Annotations

Branches:
Dungeon (4/15)
 Temple: D:4-7

Altars:
Yredelemnul

Annotations:
D:4 Ijyb


Innate Abilities, Weirdness & Mutations

You are resistant to torment.
Your stone body is resilient. (AC +4)
You are immune to poison.
You resist negative energy. (rN+)
You are resistant to electric shocks. (rElec)
You can survive without breathing.
You are immune to petrification.
You are immune to rotting.


Message History

You kill the iguana!
No target in view!
You see here an iguana corpse.
You butcher the iguana corpse.
k - 5 chunks of flesh (gained 3)
You see here an iguana skeleton.
HP restored.
Ijyb the Twisted Goblin comes into view.
She is carrying a wand of acid (4).
Ijyb shouts!
Ijyb is nearby!
Found a stone staircase leading down.
You closely miss Ijyb. Ijyb barely misses you.
You hit Ijyb but do no damage. You drain Ijyb.
Ijyb is lightly wounded.
You hit Ijyb. You drain Ijyb.
Ijyb is moderately wounded.
Ijyb zaps a wand.
The bolt of acid hits you!!
Ouch! That really hurt!
The acid corrodes you!
You are splashed with acid!
You die...

.. ### ... ...##
...##+####.....
............... ....).
..........>.... ...[...
.......g....... ......
#.@# #### #...#
..###..###..####...#
..........[.........#
....................#
............÷.......#
....####+##..####..###+#
.... #..##...###..###..
... #.................
.. #......###.#.###..


You could see Ijyb.

Vanquished Creatures
  An orc priest (D:3)
  A hound (D:4)
  An orc wizard (D:3)
  An iguana (D:4)
  5 adders
  An ooze (D:1)
  A worm (D:3)
  A dart slug (D:1)
  4 leopard geckos
  10 orcs
  2 ball pythons
  5 giant cockroaches
  3 goblins
  12 hobgoblins
  4 jackals
  5 kobolds
  2 quokkas
  6 bats
  4 rats
69 creatures vanquished.

Notes
Turn   | Place    | Note
-------+----------+-------------------------------------------
     0 | D:1      | Borgoz the Gargoyle Gladiator began the quest for the Orb.
     0 | D:1      | Reached XP level 1. HP: 12/12 MP: 1/1
   169 | D:1      | Reached XP level 2. HP: 16/17 MP: 2/2
   664 | D:1      | Reached skill level 1 in Stealth
   755 | D:1      | Reached XP level 3. HP: 19/22 MP: 3/3
   803 | D:1      | Reached skill level 1 in Armour
  1269 | D:2      | Reached XP level 4. HP: 20/27 MP: 4/4
  1655 | D:2      | Found a basalt altar of Yredelemnul.
  2223 | D:3      | Reached skill level 4 in Maces & Flails
  2223 | D:3      | Reached XP level 5. HP: 20/32 MP: 5/5
  2639 | D:4      | Reached XP level 6. HP: 37/37 MP: 6/6
  2689 | D:4      | Noticed Ijyb
  2693 | D:4      | Splashed by Ijyb's acid

Skill      XL: |  1  2  3  4  5 |
---------------+----------------+-----
Stealth        | 1 2 |  2.2
Armour         | 1 2 |  2.4
Maces & Flails | 4 |  4.6
Fighting       | 3 |  3.3
Dodging        | 3 |  3.1
Throwing       | |  1.7

Action                   |  1- 3 |  4- 6 || total
-------------------------+-------+-------++-------
Melee: Flail             |   111 |   169 ||   280
       Whip              |       |    12 ||    12
Throw: Throwing net      |       |     3 ||     3
  Use: Potion            |       |     1 ||     1
  Eat: Chunk             |     1 |     5 ||     6
Armor: Leather armour    |    23 |       ||    23
       Ring mail         |    34 |   136 ||   170
Dodge: Dodged            |    75 |   169 ||   244
